 Dungeon Crawl Stone Soup version 0.32-a0-306-gfed3edf829 (webtiles) character file.

Game seed: 1033780266309797221

123 oldriver the Conjurer (level 4, 0/32 HPs)
             Began as a Demonspawn Conjurer on Feb 15, 2024.
             Slain by an ice beast (2 damage)
             ... on level 3 of the Dungeon.
             The game lasted 00:02:04 (2167 turns).

oldriver the Conjurer (Demonspawn Conjurer)         Turns: 2167, Time: 00:02:04

Health: 0/32       AC:  3    Str: 11    XL:     4   Next: 79%
Magic:  2/8        EV: 12    Int: 23    God:
Gold:   141        SH:  0    Dex: 12    Spells: 6/9 levels left

rFire   . . .        d - +1 hand axe (freeze)
rCold   . . .        (no shield)
rNeg    . . .        a - +0 robe
rPois   +            (no helmet)
rElec   .            (no cloak)
rCorr   .            (no gloves)
SInv    .            i - +0 pair of boots of the Ego {rPois Str+4 Int+3}
Will    .....        (no amulet)
Stlth   ++           (no ring)
HPRegen 0.25/turn    (no ring)
MPRegen 0.11/turn

%: no passive effects
@: no status effects
A: demonic guardian 1, sturdy frame 1
a: no special abilities


You were on level 3 of the Dungeon.
You visited 1 branch of the dungeon, and saw 3 of its levels.

You collected 141 gold pieces.

Inventory:

Hand Weapons
 d - a +1 hand axe of freezing (weapon)
Armour
 a - a +0 robe (worn)
 i - the +0 pair of boots of the Ego (worn) {rPois Str+4 Int+3}
   (You found it on level 2 of the Dungeon)

   Str+4:     It affects your strength (+4).
   Int+3:     It affects your intelligence (+3).
   rPois:     It protects you from poison
Scrolls
 c - 2 scrolls of blinking {unknown}
 e - a scroll of noise {unknown}
 g - a scroll of vulnerability {unknown}
 h - a scroll of fear {unknown}
 j - a scroll of enchant armour {unknown}
 k - a scroll of brand weapon {unknown}
Potions
 b - a potion of magic
 f - a potion of haste {unknown}


   Skills:
 + Level 1.4 Fighting
 + Level 2.4 Dodging
 + Level 2.4 Stealth
 * Level 3.2 Spellcasting
 + Level 4.4 Conjurations


You had 6 spell levels left.
You knew the following spells:

 Your Spells              Type           Power      Damage    Failure   Level
a - Magic Dart            Conj           96%        1d7       1%          1
b - Searing Ray           Conj           48%        2d6       2%          2

Your spell library contained the following spells:

 Spells                   Type           Power      Damage    Failure   Level
 Dazzling Flash           Conj/Hex       26%        N/A       14%         3
 Volatile Blastmotes      Fire/Tloc      6%         2d10      34%         3
 Fulminant Prism          Conj/Alch      6%         3d7       41%         4
 Iskenderun's Mystic Bla  Conj/Tloc      13%        2d5       41%         4
 Starburst                Conj/Fire      6%         6d4       100%        6
 Maxwell's Capacitive Co  Air            1%         ∞         100%        8


Dungeon Overview and Level Annotations

Branches:
Dungeon (3/15)

Altars:

Shops:
D:2 [


Innate Abilities, Weirdness & Mutations

A weak demonic guardian rushes to your aid.
Your movements are slightly less encumbered by armour. (ER -2)


Message History

Things that are here:
a +0 whip; a +0 chain mail
There is an open door here.
Items here: )) ††.
Things that are here:
a +0 dagger of holy wrath; a +0 robe; an orc corpse You see here a +2 pair of gloves.
You open the door.
There is an open door here.
An ice beast comes into view.
An ice beast is nearby!
An ice beast is nearby!
The magic dart hits the ice beast but does no damage.
The magic dart hits the ice beast but does no damage.
Casting: Magic Dart (safe; 1% risk of failure)
Confirm with . or Enter, or press ? or * to list all spells.
Aiming: Searing Ray (safe; 2% risk of failure)
Press: ? - help, Shift-Dir - straight line, f/p - ice beast
Aim: an ice beast (79% to hit)
The searing ray hits the ice beast!
The ice beast is moderately wounded. (Press . to maintain the ray.)
The ice beast hits you. The ice beast freezes you.
The searing ray hits the ice beast.
The ice beast is moderately wounded.
The ice beast hits you. The ice beast freezes you!
A demonic guardian appears!
The searing ray misses the ice beast.
The ice beast hits you but does no damage.
Your ufetubus hits the ice beast but does no damage.
Your ufetubus closely misses the ice beast.
You closely miss the ice beast.
The ice beast is moderately wounded.
Your ufetubus closely misses the ice beast.
Your ufetubus hits the ice beast but does no damage.
The ice beast hits you. The ice beast freezes you!
* * * LOW HITPOINT WARNING * * *
Your ufetubus barely misses the ice beast.
Your ufetubus hits the ice beast but does no damage.
The ice beast hits you.
You die...

#####...####.........###....#..#
...........+........)')..).....#
........####.........###.....#.#
##.........##.......## #.......#
##.........###.....## ###.......
##.........# ##...## ###.####
###.#...#### ##'## #.# ........#
#.# #.# ##......# #@# ..#
#.#.#.### #Y# .##.##.## ..5
###.....# ...?. .#####.##
#....## #.###..#######.#.##
##.#..............
##.##.#######.#.# ######


You could see an ice beast (ally target) and a friendly ufetubus (summoned).

Vanquished Creatures
  An adder (D:2)
  2 dart slugs
  2 ribbon worms
  3 orcs (D:3)
  5 endoplasms
  A giant cockroach (D:2)
  A hobgoblin (D:2)
  4 jackals (D:1)
  A quokka (D:1)
  3 ball pythons
  3 bats
  4 frilled lizards
  6 goblins
  A kobold (D:3)
  7 rats
44 creatures vanquished.

Vanquished Creatures (collateral kills)
  An orc wizard (D:3)
  An orc (D:3)
2 creatures vanquished.

Grand Total: 46 creatures vanquished

Notes
Turn   | Place    | Note
-------+----------+-------------------------------------------
     0 | D:1      | oldriver the Demonspawn Conjurer began the quest for the
                  | Orb.
     0 | D:1      | Reached XP level 1. HP: 13/13 MP: 3/3
   163 | D:1      | Gained mutation: A weak demonic guardian rushes to your
                  | aid. [demonic ancestry]
   163 | D:1      | Reached XP level 2. HP: 20/20 MP: 3/5
   582 | D:1      | Reached XP level 3. HP: 25/25 MP: 4/6
   971 | D:2      | Reached skill level 1 in Fighting
  1121 | D:2      | Found Das Cywnisig's Armour Shop.
  1223 | D:2      | Identified the +0 pair of boots of the Ego {rPois Str+4
                  | Int+3}
  1415 | D:2      | Gained mutation: Your movements are slightly less
                  | encumbered by armour. (ER -2) [demonic ancestry]
  1415 | D:2      | Reached XP level 4. HP: 25/32 MP: 8/8
  1722 | D:2      | Learned a level 2 spell: Searing Ray
  2161 | D:3      | Noticed an ice beast
  2167 | D:3      | Slain by an ice beast

Illustrated notes

Levels and vault maps discovered:
D:1:      ncdulo_lavacross, layout_basic
D:2:      layout_loops_ring, serial_shops, nicolae_shop_crystal
D:3:      layout_loops_corners, minmay_tree_intersection, uniq_grinder,
          uniq_natasha

Skill      XL: |  1  2  3  4 |
---------------+-------------+-----
Dodging        | 2 |  2.4
Stealth        | 2 |  2.4
Fighting       | 1 |  1.4
Spellcasting   | 3 |  3.2
Conjurations   | |  4.4

Action                     |  1- 3 |  4- 6 || total
---------------------------+-------+-------++-------
  Melee: Hand axe          |    25 |    22 ||    47
   Cast: Magic Dart        |    43 |     7 ||    50
         Searing Ray       |       |     2 ||     2
   Stab: Sleeping          |     1 |       ||     1
 Armour: Robe              |    10 |    25 ||    35
  Dodge: Dodged            |    18 |    16 ||    34

Table legend: (Time is in decaauts)
 A = Elapsed time spent in this place.
 B = Non-inter-level travel time spent in this place.
 C = Inter-level travel time spent in this place.
 D = Time resting spent in this place.
 E = Time spent auto-exploring this place.
 F = Levels seen in this place.
 G = Mean time per level.
                   A        B        C        D        E       F      G
               +--------+--------+--------+--------+--------+-----+--------+
         Total |   2180 |   2020 |    160 |     42 |   1709 |   3 |  726.7 |
       Dungeon |   2180 |   2020 |    160 |     42 |   1709 |   3 |  726.7 |
               +--------+--------+--------+--------+--------+-----+--------+

Top non-repeatable levels by time:
     D:1: 1017 daAuts
     D:2: 858 daAuts
     D:3: 304 daAuts
